 Dungeon Crawl Stone Soup version 0.21.0-3-g78d12a8 (webtiles) character file.

601 pomescollege the Firebug (level 7, -6/51 HPs)
             Began as a Demonspawn Fire Elementalist on Jan 10, 2018.
             Was an Initiate of Vehumet.
             Mangled by Menkaure (19 damage)
             ... on level 5 of the Dungeon.
             The game lasted 00:20:17 (5615 turns).

pomescollege the Firebug (DsFE)                     Turns: 5615, Time: 00:20:18

Health: -6/51      AC:  6    Str:  9    XL:     7   Next: 18%
Magic:  3/12       EV: 20    Int: 18    God:    Vehumet [......]
Gold:   228        SH:  0    Dex: 18    Spells: 4/12 levels left

rFire    . . .     SeeInvis .   r - +0 dagger
rCold    . . .     Gourm    .   (no shield)
rNeg     + . .     Faith    .   a - +0 robe
rPois    .         Spirit   .   e - +0 helmet
rElec    .         Reflect  .   (no cloak)
rCorr    +         Harm     .   h - +1 pair of gloves
MR       .....                  m - +0 pair of boots
Stlth    +++.......             (no amulet)
HPRegen  0.17/turn              l - ring of resist corrosion
MPRegen  0.13/turn              q - ring of positive energy

@: agile, very slightly contaminated
A: repulsion field 1, powered by pain 2
a: Renounce Religion


You were on level 5 of the Dungeon.
You worshipped Vehumet.
Vehumet was noncommittal.
You were hungry.

You visited 2 branches of the dungeon, and saw 6 of its levels.

You collected 228 gold pieces.

Inventory:

Hand Weapons
 r - a +0 dagger (weapon)
 s - a +0 hunting sling of flaming
Armour
 a - a +0 robe (worn)
 e - a +0 helmet (worn)
 h - a +1 pair of gloves (worn)
 m - a +0 pair of boots (worn)
Jewellery
 g - an uncursed ring of stealth {unknown}
 l - a ring of resist corrosion (left hand)
 p - an uncursed ring of magical power {unknown}
 q - a ring of positive energy (right hand)
Scrolls
 f - 5 scrolls of remove curse
 o - a scroll of amnesia
Potions
 d - a potion of curing {unknown}
 i - 2 potions of heal wounds {unknown}
 j - 2 potions of lignification
 k - a potion of flight {unknown}
 n - a potion of ambrosia {unknown}
Books
 b - a book of Flames

   Spells                             Type                      Level
   a - Flame Tongue                   Conjuration/Fire             1
   b - Throw Flame                    Conjuration/Fire             2
   c - Conjure Flame                  Conjuration/Fire             3
   d - Inner Flame                    Hexes/Fire                   3
   e - Sticky Flame                   Conjuration/Fire             4
   f - Fireball                       Conjuration/Fire             5
Comestibles
 c - 5 rations


   Skills:
 + Level 2.8 Fighting
 - Level 2.0 Dodging
 - Level 1.7 Stealth
 - Level 0.1 Unarmed Combat
 + Level 3.3 Spellcasting
 * Level 4.1 Conjurations
 * Level 5.0 Fire Magic


You had 4 spell levels left.
You knew the following spells:

 Your Spells              Type           Power        Failure   Level  Hunger
a - Flame Tongue          Conj/Fire      ###..        2%          1    None
b - Conjure Flame         Conj/Fire      ###.....     7%          3    ###....
c - Sticky Flame          Conj/Fire      ###.....     24%         4    ####...


Dungeon Overview and Level Annotations

Branches:
Dungeon (5/15)             Temple (1/1) D:4

Altars:
Ashenzari
Cheibriados
Dithmenos
Fedhas
Gozag
Hepliaklqana
Kikubaaqudgha
Makhleb
Nemelex Xobeh
Okawaru
Qazlal
Ru
Sif Muna
Trog
Vehumet
Wu Jian
Yredelemnul
Zin
The Shining One

Annotations:
D:5 Menkaure


Innate Abilities, Weirdness & Mutations

You are surrounded by a mild repulsion field. (EV +2)
You sometimes gain power by taking damage.


Message History

* * * LOW HITPOINT WARNING * * *
Casting: Sticky Flame
Confirm with . or Enter, or press ? or * to list all spells.
Aiming: Sticky Flame
Press: ? - help, Shift-Dir - straight line, f/p - Menkaure
Aim: Menkaure (fast)
The sticky flame hits Menkaure.
Menkaure is burned terribly!
Menkaure is moderately damaged.
Menkaure is covered in liquid flames!
You are feeling hungry.
Menkaure burns!
Menkaure misses you.
Casting: Sticky Flame
Confirm with . or Enter, or press ? or * to list all spells.
Aiming: Flame Tongue
Press: ? - help, Shift-Dir - straight line, f/p - Menkaure
Aim: Menkaure (moderately damaged, fast, covered in liquid flames)
The flame tongue hits Menkaure.
Menkaure is burned terribly!
Menkaure is heavily damaged.
Menkaure burns!
Menkaure hits you!!
You die...

..# ...# ....# ######
....# #..M.#### ####....#
#.##@...####.......
###.#####........#
####...((..######...#####
.....(......# #......Y.
#####.(.....#
####..#####.
#......(###...).## ##
#$..........$.#..## ..
########)#$_$[##..#.#
###<.#$$$####...#


You could see Menkaure (burning).

Vanquished Creatures
  Sigmund (D:4)
  An ice beast (D:5)
  A centaur (D:5)
  A hound (D:4)
  3 orc wizards (D:4)
  2 worker ants (D:4)
  A hound skeleton (D:4)
  2 adders
  A worm (D:2)
  3 dart slugs
  A leopard gecko (D:4)
  6 orcs (D:4)
  4 giant cockroaches
  13 goblins
  8 hobgoblins
  8 jackals (D:4)
  4 quokkas
  A ball python (D:2)
  9 bats
  4 frilled lizards
  7 kobolds
  7 rats
88 creatures vanquished.

Notes
Turn   | Place    | Note
-------+----------+-------------------------------------------
     0 | D:1      | pomescollege the Demonspawn Fire Elementalist began the quest for the Orb.
     0 | D:1      | Reached XP level 1. HP: 13/13 MP: 3/3
   739 | D:1      | Reached skill level 3 in Fire Magic
   801 | D:1      | Gained mutation: You sometimes gain a little power by taking damage. [demonic ancestry]
   801 | D:1      | Reached XP level 2. HP: 16/19 MP: 1/5
  1438 | D:1      | Gained mutation: You sometimes gain power by taking damage. [demonic ancestry]
  1438 | D:1      | Reached XP level 3. HP: 19/25 MP: 2/6
  1632 | D:1      | You fall through a shaft!
  2234 | D:2      | Found a basalt altar of Yredelemnul.
  2243 | D:2      | Reached skill level 1 in Fighting
  2519 | D:2      | Learned a level 3 spell: Conjure Flame
  2757 | D:3      | Reached XP level 4. HP: 22/32 MP: 5/7
  3586 | D:4      | Reached XP level 5. HP: 8/37 MP: 0/8
  3847 | D:4      | Found a bloodstained altar of Trog.
  3847 | D:4      | Found a sparkling altar of Nemelex Xobeh.
  3887 | D:4      | Reached skill level 4 in Fire Magic
  3966 | D:4      | Found an ancient bone altar of Kikubaaqudgha.
  4377 | D:4      | Found an iron altar of Okawaru.
  4429 | D:4      | Gained mutation: You are surrounded by a mild repulsion field. (EV +2) [demonic ancestry]
  4429 | D:4      | Reached XP level 6. HP: 44/44 MP: 2/10
  4602 | D:4      | Learned a level 4 spell: Sticky Flame
  4764 | D:4      | Noticed Sigmund
  4784 | D:4      | Killed Sigmund
  4883 | D:4      | Found a staircase to the Ecumenical Temple.
  4912 | D:4      | Noticed a slave
  4922 | Temple   | Entered the Ecumenical Temple
  5275 | D:4      | Found a radiant altar of Vehumet.
  5308 | D:4      | Became a worshipper of Vehumet
  5441 | D:5      | Entered Level 5 of the Dungeon
  5443 | D:5      | Found an opulent altar of Gozag.
  5451 | D:5      | Noticed an ice beast
  5471 | D:5      | Noticed Menkaure
  5495 | D:5      | Noticed an ice beast
  5500 | D:5      | Killed an ice beast
  5500 | D:5      | Reached skill level 5 in Fire Magic
  5500 | D:5      | Reached XP level 7. HP: 42/51 MP: 0/12
  5615 | D:5      | Mangled by Menkaure

Skill      XL: |  1  2  3  4  5  6 |
---------------+-------------------+-----
Fire Magic     | 3 4 5 |  5.0
Dodging        | 2 |  2.0
Fighting       | 1 2 |  2.8
Conjurations   | 2 3 4 |  4.1
Spellcasting   | 3 |  3.3
Stealth        | |  1.7
Unarmed Combat | |  0.1

Action                   |  1- 3 |  4- 6 |  7- 9 || total
-------------------------+-------+-------+-------++-------
Melee: Unarmed           |    30 |       |       ||    30
       Club              |    87 |       |       ||    87
       Dagger            |    16 |   116 |       ||   132
 Cast: Flame Tongue      |    65 |    83 |     4 ||   152
       Conjure Flame     |       |     2 |       ||     2
       Sticky Flame      |       |     2 |     1 ||     3
  Use: Scroll            |     7 |       |       ||     7
       Potion            |       |     1 |       ||     1
 Stab: Sleeping          |     4 |       |       ||     4
       Distracted        |       |     1 |       ||     1
  Eat: Chunk             |     7 |     3 |       ||    10
       Ration            |       |     2 |       ||     2
Armor: Robe              |    61 |    55 |     2 ||   118
       Skin              |       |    33 |       ||    33
Dodge: Dodged            |   160 |    90 |     4 ||   254
